 Dungeon Crawl Stone Soup version 0.30.1-9-gdf580d7c3d (webtiles) character file.

Game seed: 14197050717960921197

4033 Zonian the Thaumaturge (level 10, -6/50 HPs)
             Began as a Deep Elf Ice Elementalist on Oct 3, 2023.
             Was a High Priest of Cheibriados.
             Killed from afar by a steam dragon (15 damage)
             ... with a ball of steam
             ... on level 8 of the Dungeon on Oct 4, 2023.
             The game lasted 00:36:34 (11412 turns).

Zonian the Thaumaturge (Deep Elf Ice Elementalist) Turns: 11412, Time: 00:36:35

Health: -6/50      AC:  7    Str: 20    XL:     10   Next: 4%
Magic:  26/26      EV: 15    Int: 34    God:    Cheibriados [*****.]
Gold:   519        SH:  0    Dex: 30    Spells: 23/30 levels left

rFire   x . .        o - +3 dagger (venom)
rCold   + . .        z - orb {*channel}
rNeg    . . .        A - +0 robe {Archmagi}
rPois   .            w - +0 helmet
rElec   .            a - +0 cloak
rCorr   .            (no gloves)
SInv    .            i - +2 pair of boots
Will    +....        k - amulet of faith
Stlth   +++          e - ring of ice
HPRegen 0.28/turn    g - ring of flight
MPRegen 0.20/turn

%: faith, archmagi, channel magic (20%)
@: flying, studying Short Blades, very slow
A: no striking features
a: Renounce Religion, Bend Time, Temporal Distortion, Slouch, Step From Time


You were on level 8 of the Dungeon.
You worshipped Cheibriados.
Cheibriados was extremely pleased with you.
You visited 1 branch of the dungeon, and saw 8 of its levels.
You also visited: Bailey.

You collected 519 gold pieces.

Inventory:

Hand Weapons
 f - a +0 shortbow
 j - a +1 war axe of flaming
 l - a +0 short sword
 o - a +3 dagger of venom (weapon)
 t - a +4 mace of protection
 x - a +0 long sword
Missiles
 v - 4 poisoned darts
 y - 3 atropa-tipped darts
 C - 6 boomerangs
Armour
 a - a +0 cloak (worn)
 i - a +2 pair of boots (worn)
 r - a +0 robe of resistance
 u - the +5 scale mail of Nefy {rElec rF- rC+++ Stlth-}
   (You found it on level 4 of the Dungeon)

   rF:        It makes you vulnerable to fire.
   rC:        It renders you almost immune to cold.
   rElec:     It insulates you from electricity.
   Stlth:     It makes you less stealthy.
 w - a +0 helmet (worn)
 z - an orb of energy (worn)
 A - a +0 robe of the Archmagi (worn)
Jewellery
 e - a ring of ice (left hand)
 g - a ring of flight (right hand)
 k - an amulet of faith (around neck)
 p - a ring of positive energy
 s - a ring of see invisible
 B - a ring of ice
Wands
 d - a wand of charming (16)
Scrolls
 h - 2 scrolls of blinking
 E - a scroll of butterflies
 F - a scroll of poison
Potions
 b - 2 potions of magic
 c - a potion of might
 m - a potion of cancellation {unknown}
 n - 6 potions of mutation
 q - 3 potions of lignification
 D - a potion of brilliance


   Skills:
 - Level 10.0 Short Blades
 + Level 3.6 Dodging
 + Level 3.8 Stealth
 + Level 10.5 Spellcasting
 + Level 9.5 Ice Magic
 + Level 5.9 Invocations


You had 23 spell levels left.
You knew the following spells:

 Your Spells              Type           Power      Damage    Failure   Level
a - Freeze                Ice            100%       1d10      1%          1
b - Frozen Ramparts       Ice            100%       1d16      1%          3
c - Ozocubu's Armour      Ice            100%       N/A       1%          3

Your spell library contained the following spells:

 Spells                   Type           Power      Damage    Failure   Level
 Summon Ice Beast         Ice/Summ       85%        N/A       12%         4
 Inner Flame              Hex/Fire       26%        N/A       21%         3
 Animate Dead             Necr           26%        N/A       47%         4
 Flame Wave               Conj/Fire      26%        2d8       47%         4
 Sticky Flame             Conj/Fire      26%        2d5       47%         4
 Ozocubu's Refrigeration  Ice            56%        4d19      61%         7
 Haunt                    Necr/Summ      13%        N/A       100%        7
 Infestation              Necr           13%        N/A       100%        8


Dungeon Overview and Level Annotations

Branches:
Dungeon (8/15)             Temple (0/1) D:6          Bailey (visited)
   Lair: D:8-11

Altars:
Cheibriados
Elyvilon
Trog

Shops:
D:1 (

Annotations:
D:6 1 runed translucent door, Crazy Yiuf


Message History

Press: ? - help, Shift-Dir - straight line, f - steam dragon
Aim: a steam dragon (chance to affect: 49%)
Okay, then.
Okay, then.
Okay, then.
Okay, then.
Throw: 6 darts (atropa)
Press: ? - help, Shift-Dir - straight line, f - steam dragon
Aim: a steam dragon (67% to hit, chance to blind on hit: 67%)
You throw an atropa-tipped dart.
The atropa-tipped dart hits the steam dragon.
The steam dragon resists.
Unknown command.
Throw: 5 darts (atropa)
Press: ? - help, Shift-Dir - straight line, f/p - steam dragon
Aim: a steam dragon (67% to hit, chance to blind on hit: 67%)
You throw an atropa-tipped dart.
The atropa-tipped dart closely misses the steam dragon.
Unknown command.
Throw: 4 darts (atropa)
Press: ? - help, Shift-Dir - straight line, f/p - steam dragon
Aim: a steam dragon (67% to hit, chance to blind on hit: 67%)
You throw an atropa-tipped dart.
The atropa-tipped dart hits the steam dragon.
The steam dragon appears confused.
Unknown command.
The barbs in your skin will harm you if you move.
Continue?
The barbed spikes dig painfully into your body as you move.
The barbed spikes snap loose.
Okay, then.
The steam dragon is no longer blind.
The steam dragon breathes steam at you. The ball of steam misses you.
You hear a roar!
You are engulfed in a cloud of scalding steam.
Ouch! That really hurt!
* * * LOW HITPOINT WARNING * * *
The steam dragon breathes steam at you. The ball of steam hits you!
The steam scalds you terribly!
You die...

##############
.............
#.####..........
#.#§@§..........
#.#§##.#'####### #.#D##.#.#
.###########.#§##<#.#
.......)(.(D...####.######
.......(...#...............
................).........#
..###H###.....###.###.....#
.


lo# ##...#####..##..#.# You could see a steam dragon (catching breath).

Vanquished Creatures
  An orc knight (Bailey)
  A hornet (D:7)
  Sigmund (D:6)
  Menkaure (D:4)
  A sky beast (D:6)
  4 orc warriors
  3 ice beasts
  3 black bears
  3 phantoms (D:5)
  3 ogres
  A centaur (D:5)
  A kobold brigand (D:7)
  Blork the orc (D:6)
  A gnoll sergeant (D:6)
  3 scorpions
  6 killer bees (D:7)
  2 howler monkeys (D:6)
  6 hounds
  An orc priest (D:6)
  A gnoll bouda (D:6)
  A jelly (D:5)
  2 sleepcaps (D:5)
  An orc wizard (D:3)
  4 iguanas
  11 adders
  13 gnolls
  2 shadow imps
  A white imp (D:3)
  An ufetubus (D:4)
  2 worms
  3 dart slugs
  26 orcs
  7 bats
  11 endoplasms
  3 giant cockroaches
  8 hobgoblins
  5 jackals
  10 quokkas
  8 ball pythons
  2 frilled lizards
  17 goblins
  14 kobolds
  5 rats (D:2)
  A spectral goblin (D:2)
202 creatures vanquished.

Vanquished Creatures (collateral kills)
  2 orcs (Bailey)
  A goblin (Bailey)
3 creatures vanquished.

Vanquished Creatures (others)
  An orc warrior (Bailey)
  An ogre (D:5)
  A gnoll (Bailey)
  An orc (Bailey)
4 creatures vanquished.

Grand Total: 209 creatures vanquished

Notes
Turn   | Place    | Note
-------+----------+-------------------------------------------
     0 | D:1      | Zonian the Deep Elf Ice Elementalist began the quest for
                  | the Orb.
     0 | D:1      | Reached XP level 1. HP: 10/10 MP: 6/6
   350 | D:1      | Reached XP level 2. HP: 14/15 MP: 4/8
  1028 | D:1      | Found Paas Jiote's Weapon Shoppe.
  1120 | D:2      | Reached XP level 3. HP: 19/19 MP: 5/10
  1794 | D:2      | Found a faded altar of an unknown god.
  1806 | D:2      | Prayed at the altar of an unknown god.
  1806 | D:2      | Became a worshipper of Cheibriados the Contemplative
  1806 | D:2      | Reached * piety under Cheibriados
  2043 | D:2      | Reached XP level 4. HP: 21/24 MP: 8/11
  2190 | D:3      | Found a white marble altar of Elyvilon.
  2301 | D:3      | Reached skill level 5 in Ice Magic
  2381 | D:3      | Learned a level 3 spell: Frozen Ramparts
  2385 | D:3      | Learned a level 3 spell: Ozocubu's Armour
  2434 | D:3      | Reached ** piety under Cheibriados
  2637 | D:3      | Reached XP level 5. HP: 26/28 MP: 13/13
  2737 | D:3      | Reached skill level 1 in Short Blades
  2976 | D:3      | Found a bloodstained altar of Trog.
  3453 | D:4      | Noticed a black bear
  3461 | D:4      | Killed a black bear
  3462 | D:4      | Reached skill level 5 in Spellcasting
  3462 | D:4      | Reached XP level 6. HP: 24/32 MP: 12/16
  3508 | D:4      | Identified the +5 scale mail of Nefy {rElec rF- rC+++
                  | Stlth-}
  3526 | D:4      | Reached *** piety under Cheibriados
  4501 | D:4      | Noticed Menkaure
  4540 | D:4      | Killed Menkaure
  4541 | D:4      | Reached XP level 7. HP: 18/36 MP: 18/18
  4955 | D:5      | Entered Level 5 of the Dungeon
  5114 | D:5      | Reached skill level 5 in Short Blades
  5578 | D:5      | Reached XP level 8. HP: 33/41 MP: 19/21
  6037 | D:5      | Identified the +2 ring mail of Starshine {Rampage +Blink
                  | rC+ Str-3}
  6054 | D:5      | Reached skill level 1 in Invocations
  6297 | D:5      | Reached **** piety under Cheibriados
  8622 | D:6      | Reached XP level 9. HP: 45/45 MP: 23/23
  9000 | D:6      | Found a staircase to the Ecumenical Temple.
  9002 | D:6      | Noticed Blork the orc
  9038 | D:6      | Killed Blork the orc
  9310 | D:6      | Noticed Sigmund
  9334 | D:6      | Killed Sigmund
  9486 | D:6      | Found a runed translucent door.
  9488 | D:6      | Noticed Crazy Yiuf
  9744 | D:7      | Found a flagged portal.
  9762 | D:7      | Reached ***** piety under Cheibriados
  9774 | Bailey   | Entered a bailey
 10227 | Bailey   | Noticed an orc knight
 10244 | Bailey   | Killed an orc knight
 10245 | Bailey   | Reached skill level 10 in Spellcasting
 10245 | Bailey   | Reached skill level 5 in Invocations
 10309 | Bailey   | Noticed an orc warlord
 10693 | D:7      | Reached skill level 10 in Short Blades
 11093 | D:7      | Reached XP level 10. HP: 50/50 MP: 26/26
 11403 | D:8      | Noticed a manticore
 11412 | D:8      | Killed from afar by a steam dragon

Illustrated notes

Levels and vault maps discovered:
D:1:      dpeg_arrival_houses_and_road, layout_loops_corners, serial_shops, shop
D:2:      layout_loops_ring, dreamdust_ecumenical_altar_drowned_temple
D:3:      wad_woods_stonehenge, layout_basic, lemuel_crystal_altar,
          minmay_fractal_squares_diagonal_5
D:4:      layout_basic, uniq_menkaure
D:5:      layout_basic
D:6:      layout_rooms, minmay_temple_entry_arrows, uniq_crazy_yiuf_cottage,
          uniq_sigmund, uniq_blork_the_orc
D:7:      layout_basic, enter_bailey_5, hex_tiny, chequers_serial_rivers_small_3
D:8:      minmay_the_grid_octo_2x2 [minmay_the_grid_octo_teeth,
          minmay_the_grid_octo_77, minmay_the_grid_octo_toaster,
          minmay_the_grid_octo_prize_star], layout_basic, enter_ossuary_3,
          uniq_maggie

Skill      XL: |  1  2  3  4  5  6  7  8  9 |
---------------+----------------------------+-----
Stealth        | 3 |  3.8
Dodging        | 3 |  3.6
Spellcasting   | 4 5 6 7 8 10 | 10.5
Ice Magic      | 5 6 7 8 9 |  9.5
Short Blades   | 2 4 6 8 10 | 10.0
Invocations    | 3 5 |  5.9

Action                     |  1- 3 |  4- 6 |  7- 9 | 10-12 || total
---------------------------+-------+-------+-------+-------++-------
  Melee: Unarmed           |     7 |       |       |       ||     7
         Dagger            |    42 |   136 |   331 |     4 ||   513
         Punch             |       |     1 |       |       ||     1
  Throw: Dart              |     3 |     5 |    15 |     3 ||    26
   Cast: Freeze            |    49 |     7 |    30 |       ||    86
         Frozen Ramparts   |       |     3 |    11 |       ||    14
         Ozocubu's Armour  |       |       |     3 |       ||     3
 Invoke: Bend Time         |       |       |     6 |       ||     6
  Evoke: Wand              |       |       |    13 |       ||    13
    Use: Scroll            |       |    13 |     7 |     2 ||    22
         Potion            |       |     3 |     1 |       ||     4
   Stab: Sleeping          |     2 |     4 |     6 |     2 ||    14
         Distracted        |       |     1 |     1 |       ||     2
 Armour: Robe              |    16 |    50 |    57 |       ||   123
  Dodge: Dodged            |    53 |   134 |   206 |     7 ||   400
